ATL
SOMERSET PATRIOTS @ LONG ISLAND DUCKS
05/23/2072
 
TOP OF THE 1ST
Lancaster Barnstormers batting - Pitching for High Point Rockers : RHP Dan Best
Pitching: RHP Dan Best
Batting: LHB Jayden Nicholson 0-0: Swinging Strike
0-1: Foul Ball, location: 2F
0-2: Ball
1-2: Foul Ball, location: 2F
1-2: Ball
2-2: Ball
3-2: Foul Ball, location: 2F
3-2: Foul Ball, location: 2F
3-2: Base on Balls
Batting: RHB Oscar Mauras 0-0: Ball
1-0: Called Strike
1-1: Foul Ball, location: 2F
1-2: Ball
2-2: Strikes out looking
Batting: RHB Shawn Hairston 0-0: Ball
1-0: Ball
2-0: Foul Ball, location: 2F
2-1: Fly out, F9 (Flyball, 9, EV 91.2 MPH)
Batting: RHB Keith Hankins 0-0: Foul Ball, location: 2F
0-1: Ball
1-1: Ball
2-1: Foul Ball, location: 2F
2-2: Ball
3-2: Strikes out swinging
Top of the 1st over - 0 runs, 0 hits, 0 errors, 1 left on base; Lancaster 0 - High Point 0
BOTTOM OF THE 1ST
High Point Rockers batting - Pitching for Lancaster Barnstormers : LHP Justin Wickland
Pitching: LHP Justin Wickland
Batting: RHB Salvador Lopez 0-0: Ball
1-0: Fly out, F9 (Line Drive, 9, EV 93.8 MPH)
Batting: LHB Javy Montejano 0-0: Ball
1-0: Ball
2-0: Ball
3-0: Called Strike
3-1: Hit by Pitch
Batting: RHB Raul Serrano 0-0: Called Strike
0-1: Ball
1-1: Ball
2-1: Called Strike
2-2: Fly out, F7 (Flyball, 7LD, EV 98.1 MPH)
Runner from 1st tags up, SAFE at 2nd
Batting: RHB Greg Kast 0-0: Ball
1-0: Ball
2-0: Ball
3-0: Base on Balls
Batting: LHB Bill Aubrey 0-0: Called Strike
0-1: Ball
1-1: Ground out 3-1 (Groundball, 34, EV 82.5 MPH)
Bottom of the 1st over - 0 runs, 0 hits, 0 errors, 2 left on base; Lancaster 0 - High Point 0
TOP OF THE 2ND
Lancaster Barnstormers batting - Pitching for High Point Rockers : RHP Dan Best
Batting: SHB Mike Rivera 0-0: Swinging Strike
0-1: SINGLE (Groundball, 56D, EV 95.0 MPH)
Batting: SHB Travis Jarman 0-0: Ball
1-0: Called Strike
1-1: Swinging Strike
1-2: Foul Ball, location: 2F
1-2: Ground out 3-1 (Groundball, 34, EV 106.2 MPH)
Mike Rivera to second
Batting: RHB John Henderson 0-0: Called Strike
0-1: Ball
1-1: Swinging Strike
1-2: Strikes out swinging
Batting: RHB Wayne Barton 0-0: Foul Ball, location: 2F
0-1: Called Strike
0-2: Ball
1-2: Ground out 6-3 (Groundball, 6, EV 88.8 MPH)
Top of the 2nd over - 0 runs, 1 hit, 0 errors, 1 left on base; Lancaster 0 - High Point 0
BOTTOM OF THE 2ND
High Point Rockers batting - Pitching for Lancaster Barnstormers : LHP Justin Wickland
Batting: RHB Joe McCoy 0-0: Swinging Strike
0-1: Ball
1-1: Foul Ball, location: 2F
1-2: Fly out, F9 (Line Drive, 89M, EV 91.2 MPH)
Batting: RHB Chris Patrick 0-0: Ball
1-0: Swinging Strike
1-1: Foul Ball, location: 2F
1-2: Fly out, F3 (Popup, 3L, EV 59.4 MPH)
Batting: LHB Colin DiTuri 0-0: Ball
1-0: Ball
2-0: Ball
3-0: Called Strike
3-1: DOUBLE (Line Drive, 3D, EV 96.2 MPH)
Batting: RHB Kareem Jackson 0-0: Ball
1-0: Ball
2-0: Called Strike
2-1: SINGLE (Groundball, 34D, EV 106.9 MPH)
Colin DiTuri to third
Runner from 3rd tries for Home, SAFE, throw by RF to home
Batting: RHB Salvador Lopez 0-0: Ball
1-0: Ball
2-0: Ground out 4-3 (Groundball, 34, EV 102.5 MPH)
Bottom of the 2nd over - 1 run, 2 hits, 0 errors, 1 left on base; Lancaster 0 - High Point 1
TOP OF THE 3RD
Lancaster Barnstormers batting - Pitching for High Point Rockers : RHP Dan Best
Batting: RHB Izzy Santoyo 0-0: Ground out 6-3 (Groundball, 6M, EV 85.0 MPH)
Batting: LHB Jayden Nicholson 0-0: Ball
1-0: Called Strike
1-1: Ball
2-1: Swinging Strike
2-2: Ball
3-2: Strikes out looking
Batting: RHB Oscar Mauras 0-0: Ball
1-0: Ground out 5-3 (Groundball, 56, EV 104.4 MPH)
Top of the 3rd over - 0 runs, 0 hits, 0 errors, 0 left on base; Lancaster 0 - High Point 1
BOTTOM OF THE 3RD
High Point Rockers batting - Pitching for Lancaster Barnstormers : LHP Justin Wickland
Batting: LHB Javy Montejano 0-0: Foul Ball, location: 2F
0-1: Called Strike
0-2: SINGLE (Line Drive, 6MD, EV 106.9 MPH)
Batting: RHB Raul Serrano 0-0: Foul Ball, location: 2F
0-1: Foul Ball, location: 2F
0-2: Foul Ball, location: 2F
0-2: Strikes out swinging
Batting: RHB Greg Kast 0-0: Foul Ball, location: 2F
0-1: 2-RUN HOME RUN (Flyball, 8LXD, EV 89.4 MPH), Distance : 452 ft
Batting: LHB Bill Aubrey 0-0: Called Strike
0-1: Ball
1-1: Called Strike
1-2: Fly out, F8 (Flyball, 8LM, EV 87.5 MPH)
Batting: RHB Joe McCoy 0-0: Called Strike
0-1: Ball
1-1: Called Strike
1-2: Ball
2-2: Foul Ball, location: 2F
2-2: Ball
3-2: Fly out, F6 (Popup, 4MS, EV 61.9 MPH)
Bottom of the 3rd over - 2 runs, 2 hits, 0 errors, 0 left on base; Lancaster 0 - High Point 3
TOP OF THE 4TH
Lancaster Barnstormers batting - Pitching for High Point Rockers : RHP Dan Best
Batting: RHB Shawn Hairston 0-0: Called Strike
0-1: SINGLE (Groundball, 4D, EV 93.8 MPH)
Batting: RHB Keith Hankins 0-0: Fly out, F7 (Line Drive, 7, EV 108.8 MPH)
Batting: SHB Mike Rivera 0-0: Called Strike
0-1: Foul Ball, location: 2F
0-2: Ball
1-2: Foul Ball, location: 2F
1-2: Ground out 6-3 (Groundball, P, EV 86.9 MPH)
Shawn Hairston to second
Batting: SHB Travis Jarman 0-0: Ball
1-0: Ball
2-0: Ball
3-0: Base on Balls
Batting: RHB John Henderson 0-0: Ball
1-0: Called Strike
1-1: Ball
2-1: Called Strike
2-2: Fielders Choice at 2nd, 6-4 (Groundball, 6, EV 88.8 MPH)
Top of the 4th over - 0 runs, 1 hit, 0 errors, 2 left on base; Lancaster 0 - High Point 3
BOTTOM OF THE 4TH
High Point Rockers batting - Pitching for Lancaster Barnstormers : LHP Justin Wickland
Batting: RHB Chris Patrick 0-0: Called Strike
0-1: DOUBLE (Flyball, 89XD, EV 100.0 MPH)
Batting: LHB Colin DiTuri 0-0: Fly out, F7 (Flyball, 7LM, EV 83.8 MPH)
Batting: RHB Kareem Jackson 0-0: Ball
1-0: Ball
2-0: Ball
3-0: Called Strike
3-1: Called Strike
3-2: Foul Ball, location: 2F
3-2: Foul Ball, location: 2F
3-2: Ground out U3 (Groundball, 34, EV 90.0 MPH)
Chris Patrick to third
Batting: RHB Salvador Lopez 0-0: Called Strike
0-1: 2-RUN HOME RUN (Flyball, 78XD, EV 92.5 MPH), Distance : 431 ft
Pitching: RHP Chase Powers
Batting: LHB Javy Montejano 0-0: Called Strike
0-1: Foul Ball, location: 2F
0-2: Strikes out swinging
Bottom of the 4th over - 2 runs, 2 hits, 0 errors, 0 left on base; Lancaster 0 - High Point 5
TOP OF THE 5TH
Lancaster Barnstormers batting - Pitching for High Point Rockers : RHP Dan Best
Batting: RHB Wayne Barton 0-0: Ball
1-0: Called Strike
1-1: Called Strike
1-2: Ball
2-2: Fly out, F7 (Flyball, 7LM, EV 91.9 MPH)
Batting: RHB Izzy Santoyo 0-0: Called Strike
0-1: Foul Ball, location: 2F
0-2: Ball
1-2: Foul Ball, location: 2F
1-2: Ball
2-2: Ball
3-2: Ground out 6-3 (Groundball, 6, EV 105.6 MPH)
Batting: LHB Jayden Nicholson 0-0: Swinging Strike
0-1: Swinging Strike
0-2: Ball
1-2: Strikes out swinging
Top of the 5th over - 0 runs, 0 hits, 0 errors, 0 left on base; Lancaster 0 - High Point 5
BOTTOM OF THE 5TH
High Point Rockers batting - Pitching for Lancaster Barnstormers : RHP Chase Powers
Batting: RHB Raul Serrano 0-0: Called Strike
0-1: Foul Ball, location: 2F
0-2: Foul Ball, location: 2F
0-2: Ground out 6-3 (Groundball, 6, EV 104.4 MPH)
Batting: RHB Greg Kast 0-0: Ball
1-0: Ball
2-0: Ground out 6-3 (Groundball, 6, EV 81.9 MPH)
Batting: LHB Bill Aubrey 0-0: Called Strike
0-1: Ball
1-1: Foul Ball, location: 2F
1-2: Ball
2-2: Ball
3-2: Fly out, F8 (Line Drive, 8RD, EV 85.0 MPH)
Bottom of the 5th over - 0 runs, 0 hits, 0 errors, 0 left on base; Lancaster 0 - High Point 5
TOP OF THE 6TH
Lancaster Barnstormers batting - Pitching for High Point Rockers : RHP Dan Best
Batting: RHB Oscar Mauras 0-0: Called Strike
0-1: Called Strike
0-2: Strikes out looking
Batting: RHB Shawn Hairston 0-0: Ball
1-0: Swinging Strike
1-1: Foul Ball, location: 2F
1-2: Strikes out swinging
Batting: RHB Keith Hankins 0-0: Ball
1-0: Ball
2-0: Foul Ball, location: 2F
2-1: Fly out, F8 (Flyball, 8RXD, EV 91.2 MPH)
Top of the 6th over - 0 runs, 0 hits, 0 errors, 0 left on base; Lancaster 0 - High Point 5
BOTTOM OF THE 6TH
High Point Rockers batting - Pitching for Lancaster Barnstormers : RHP Chase Powers
Batting: RHB Joe McCoy 0-0: Called Strike
0-1: Swinging Strike
0-2: Ball
1-2: Strikes out looking
Batting: RHB Chris Patrick 0-0: Foul Ball, location: 2F
0-1: Hit by Pitch
Batting: LHB Colin DiTuri 0-0: Ball
1-0: Ball
2-0: Foul Ball, location: 2F
2-1: Ball
3-1: Called Strike
3-2: Strikes out swinging
Chris Patrick steals 2nd, throwing error, E2
Chris Patrick to third
Batting: RHB Kareem Jackson 0-0: Fly out, F8 (Flyball, 89XD, EV 91.2 MPH)
Bottom of the 6th over - 0 runs, 0 hits, 1 error, 1 left on base; Lancaster 0 - High Point 5
TOP OF THE 7TH
Lancaster Barnstormers batting - Pitching for High Point Rockers : RHP Dan Best
Pitching: RHP Tom Rogers
Batting: SHB Mike Rivera 0-0: Called Strike
0-1: Ball
1-1: Ball
2-1: Ball
3-1: Base on Balls
Batting: SHB Travis Jarman 0-0: Ball
1-0: SINGLE (Flyball, 4MD, EV 96.2 MPH)
Mike Rivera to second
Batting: RHB John Henderson 0-0: Ball
1-0: Ball
2-0: Fly out, F7 (Flyball, 7D, EV 105.0 MPH)
Batting: RHB Wayne Barton 0-0: Ball
1-0: SINGLE (Groundball, 56D, EV 100.6 MPH)
Mike Rivera to third
Travis Jarman to second
Batting: RHB Izzy Santoyo 0-0: Foul Ball, location: 2F
0-1: Foul Ball, location: 2F
0-2: Ball
1-2: Strikes out looking
Batting: LHB Jayden Nicholson 0-0: SINGLE (Line Drive, 7LS, EV 93.1 MPH)
Mike Rivera scores
Travis Jarman to third
Wayne Barton to second
Batting: RHB Oscar Mauras 0-0: Ball
1-0: Ball
2-0: Ball
3-0: Called Strike
3-1: Foul Ball, location: 2F
3-2: SINGLE (Line Drive, 89S, EV 94.4 MPH)
Travis Jarman scores
Wayne Barton to third
Jayden Nicholson to second
Wayne Barton scores
Jayden Nicholson to third
Batting: RHB Shawn Hairston 0-0: Foul Ball, location: 2F
0-1: Ball
1-1: Fielders Choice at 2nd, 6-4 (Groundball, 6, EV 103.1 MPH)
Top of the 7th over - 3 runs, 4 hits, 0 errors, 2 left on base; Lancaster 3 - High Point 5
BOTTOM OF THE 7TH
High Point Rockers batting - Pitching for Lancaster Barnstormers : RHP Chase Powers
Batting: RHB Salvador Lopez 0-0: Swinging Strike
0-1: Ball
1-1: Called Strike
1-2: Foul Ball, location: 2F
1-2: Strikes out swinging
Batting: LHB Javy Montejano 0-0: Fly out, F8 (Flyball, 8RS, EV 85.0 MPH)
Batting: RHB Raul Serrano 0-0: Ground out 6-3 (Groundball, 56, EV 100.0 MPH)
Bottom of the 7th over - 0 runs, 0 hits, 0 errors, 0 left on base; Lancaster 3 - High Point 5
TOP OF THE 8TH
Lancaster Barnstormers batting - Pitching for High Point Rockers : RHP Tom Rogers
Pitching: RHP Jimmy Graziano
Batting: RHB Keith Hankins 0-0: Ball
1-0: Ball
2-0: Called Strike
2-1: Called Strike
2-2: Ball
3-2: Strikes out swinging
Batting: SHB Mike Rivera 0-0: Ball
1-0: SINGLE (Groundball, 4D, EV 99.4 MPH)
Batting: SHB Travis Jarman 0-0: Ball
1-0: Foul Ball, location: 2F
1-1: Swinging Strike
1-2: Ball
2-2: Strikes out swinging
Batting: RHB John Henderson 0-0: Ball
1-0: Foul Ball, location: 2F
1-1: Swinging Strike
1-2: Strikes out looking
Top of the 8th over - 0 runs, 1 hit, 0 errors, 1 left on base; Lancaster 3 - High Point 5
BOTTOM OF THE 8TH
High Point Rockers batting - Pitching for Lancaster Barnstormers : RHP Chase Powers
Batting: RHB Greg Kast 0-0: Ball
1-0: Called Strike
1-1: Foul Ball, location: 2F
1-2: Ball
2-2: Ball
3-2: SOLO HOME RUN (Flyball, 7LD, EV 110.0 MPH), Distance : 352 ft
Batting: LHB Bill Aubrey 0-0: Ball
1-0: Ground out 4-3 (Groundball, 4, EV 85.0 MPH)
Batting: RHB Joe McCoy 0-0: Ball
1-0: Ball
2-0: Ball
3-0: Base on Balls
Pitching: RHP Ryan Parham
Batting: RHB Chris Patrick Pickoff Throw to First - Out! 1-3
0-0: Called Strike
0-1: SINGLE (Line Drive, 34D, EV 99.4 MPH)
Batting: LHB Colin DiTuri 0-0: Ball
1-0: Ground out 4-3 (Groundball, 4, EV 104.4 MPH)
Bottom of the 8th over - 1 run, 2 hits, 0 errors, 1 left on base; Lancaster 3 - High Point 6
TOP OF THE 9TH
Lancaster Barnstormers batting - Pitching for High Point Rockers : RHP Jimmy Graziano
Pitching: RHP Isaiah Shine
Batting: RHB Wayne Barton 0-0: SINGLE (Groundball, 4D, EV 101.9 MPH)
Batting: RHB Izzy Santoyo 0-0: Ball
1-0: Called Strike
1-1: Called Strike
1-2: Strikes out swinging
Batting: LHB Jayden Nicholson 0-0: Ball
1-0: Called Strike
1-1: Fly out, F8 (Flyball, 8LM, EV 95.6 MPH)
Batting: RHB Oscar Mauras 0-0: Called Strike
0-1: Foul Ball, location: 2F
0-2: Strikes out swinging
Top of the 9th over - 0 runs, 1 hit, 0 errors, 1 left on base; Lancaster 3 - High Point 6
Friday, October 22nd , 2021 - OOTP Baseball 22.10 Build 79